 Dungeon Crawl Stone Soup version 0.18-a0-1692-g516f9e9 (webtiles) character file.

5156 dohliylev the Covert (level 10, 0/70 HPs)
             Began as a Vampire Enchanter on Apr 5, 2016.
             Was an Elder of Nemelex Xobeh.
             Slain by a komodo dragon (8 damage)
             ... on level 1 of the Lair of Beasts.
             The game lasted 01:43:31 (12093 turns).

dohliylev the Covert (Vampire Enchanter)           Turns: 12093, Time: 01:43:32

Health: 0/70       AC:  5    Str:  7    XL:     10   Next: 33%
Magic:  18/18      EV: 23    Int: 17    God:    Nemelex Xobeh [****..]
Gold:   419        SH:  0    Dex: 24    Spells: 2 memorised, 15 levels left

rFire  . . .     SeeInvis +     b - +2 dagger (flame)
rCold  + . .     Gourm    .     s - +1 robe
rNeg   + + +     Faith    .     (no shield)
rPois  +         Spirit   .     (no helmet)
rElec  +         Dismiss  .     O - +0 cloak
rCorr  +         Reflect  .     (no gloves)
SustAt .         Harm     .     g - +0 pair of boots
MR     +....                    m - amulet of Symmetry {RegenMP rElec}
Stlth  +++++++...               f - ring of resist corrosion
                                P - ring of positive energy

@: agile, regenerating slowly, somewhat resistant to hostile enchantments,
extremely stealthy
A: fangs 3, see invisible, unbreathing
a: Bat Form, Triple Draw, Deal Four, Renounce Religion


You were on level 1 of the Lair of Beasts.
You worshipped Nemelex Xobeh.
Nemelex Xobeh was greatly pleased with you.
You were very thirsty.

You visited 2 branches of the dungeon, and saw 9 of its levels.
You also visited: Ossuary.

You collected 419 gold pieces.

Inventory:

Hand Weapons
 a - a +2 vampiric dagger
 b - a +2 dagger of flaming (weapon)
 c - a +2 dagger of freezing
 E - a +2 dagger of distortion
Missiles
 p - 39 poisoned needles
 Q - 8 needles of sleeping
Armour
 e - a +0 shield
 g - a +0 pair of boots (worn)
 s - a +1 robe (worn)
 O - a +0 cloak (worn)
 R - a +2 robe of fire resistance
Magical Staves
 w - an uncursed staff of fire
 F - an uncursed staff of power
Jewellery
 f - a ring of resist corrosion (right hand)
 m - the amulet of Symmetry (around neck) {RegenMP rElec}
   (You found it on level 5 of the Dungeon)

   [amulet of magic regeneration]

   It increases your magic regeneration.
   It insulates you from electricity.
 P - a ring of positive energy (left hand)
Wands
 u - a wand of slowing (28/48)
 A - a wand of teleportation (3/9)
 B - a wand of paralysis (14/24)
 K - a wand of lightning (10/15)
Scrolls
 i - a scroll of noise
 n - a scroll of amnesia
 v - 2 scrolls of immolation
 x - 2 scrolls of magic mapping
 y - a scroll of recharging {unknown}
 G - 2 scrolls of fear {unknown}
 J - a scroll of fog {unknown}
 S - a scroll of torment {unknown}
 T - a scroll of acquirement {unknown}
 X - a scroll of enchant armour {unknown}
 Y - 4 scrolls of remove curse
Potions
 h - 4 potions of degeneration {unknown}
 j - 2 potions of magic {unknown}
 l - a potion of resistance {unknown}
 q - 2 potions of haste {unknown}
 r - 2 potions of cure mutation {unknown}
 z - a potion of brilliance {unknown}
 C - 7 potions of blood
 D - a potion of mutation {unknown}
 H - a potion of lignification {unknown}
 I - 2 potions of might {unknown}
 L - 2 potions of curing {unknown}
 M - 2 potions of agility {unknown}
 N - a potion of ambrosia {unknown}
 Z - 2 potions of heal wounds {unknown}
Books
 d - a book of Envenomations

   Spells                             Type                      Level
   a - Spider Form                    Transmutation/Poison         3
   b - Olgreb's Toxic Radiance        Poison                       4
   c - Alistair's Intoxication        Transmutation/Poison         5
   d - Poisonous Cloud                Conjuration/Poison/Air       6
 o - a book of Party Tricks

   Spells                             Type                      Level
   a - Summon Butterflies             Summoning                    1
   b - Apportation                    Translocation                1
   c - Tukima's Dance                 Hexes                        3
   d - Alistair's Intoxication        Transmutation/Poison         5
   e - Invisibility                   Hexes                        6
 U - a book of Maledictions

   Spells                             Type                      Level
   a - Corona                         Hexes                        1
   b - Ensorcelled Hibernation        Hexes/Ice                    2
   c - Confuse                        Hexes                        3
   d - Tukima's Dance                 Hexes                        3
   e - Dazzling Spray                 Conjuration/Hexes            3
Miscellaneous
 k - a plain deck of defence {drawn: 3}
 t - a plain deck of destruction {drawn: 4}
 V - a plain deck of destruction
 W - a plain deck of war {drawn: 4}


   Skills:
 + Level 3.3 Fighting
 + Level 3.0 Short Blades
 + Level 6.2 Dodging
 + Level 11.5 Stealth
 + Level 5.8 Spellcasting
 + Level 1.8 Conjurations
 + Level 8.8 Hexes
 + Level 4.4 Ice Magic
 * Level 5.8 Evocations


You had 15 spell levels left.
You knew the following spells:

 Your Spells              Type           Power        Failure   Level  Hunger
a - Dazzling Spray        Conj/Hex       ###.....     6%          3    ##.....
b - Ensorcelled Hibernat  Hex/Ice        ####..       1%          2    #......


Dungeon Overview and Level Annotations

Branches:
Dungeon (8/15)             Temple (0/1) D:4            Lair (1/8) D:8

Altars:
Cheibriados
Dithmenos
Elyvilon
Fedhas
Kikubaaqudgha
Makhleb
Nemelex Xobeh
Pakellas
Ru
Xom
Zin

Shops:
D:5 [

Annotations:
D:4 Menkaure


Innate Abilities, Weirdness & Mutations

You heal slowly.
You have razor-sharp teeth.
You have supernaturally acute eyesight.
You can survive without breathing.


Message History

The komodo dragon easily resists.
The komodo dragon bites you!! x2
* * * LOW HITPOINT WARNING * * *
You hear an angry hiss.
The komodo dragon closely misses you.
A komodo dragon comes into view.
The komodo dragon hisses angrily.
The komodo dragon barely misses you.
Read which item? (? for menu, Esc to quit)
Okay, then.
Evoke which item? (* to show all) (? for menu, Esc to quit)
You draw a card...
It is the Helm.
You feel agile all of a sudden.
The komodo dragon completely misses you.
The komodo dragon completely misses you.
The komodo dragon completely misses you.
The komodo dragon completely misses you.
The komodo dragon barely misses you. The iguana completely misses you.
The komodo dragon bites you!
You die...
Your body glows slightly and disappears.

##### #...## #....#
##....# #.....# #.....#
#.l...# #l.l..# #l@l..#
#. ### ##########....##
...
#P###.##.P#.###...##...#
#..........#####....#
##..............#..###
.............##....#
#l........l.....####
#............l##.#
##......<.....####


You could see 4 komodo dragons and an iguana.

Vanquished Creatures
  Psyche (D:8)
  Eustachio (D:4)
  Edmund (D:4)
  Duvessa (D:3)
  2 sky beasts (D:5)
  An ice beast (D:8)
  An orc warrior (D:7)
  The ghost of barb4r1an the Skirmisher, an amateur HOFi (D:4)
  3 ogres
  A black bear (D:5)
  A centaur (D:5)
  A wolf (D:5)
  Blork the orc (D:5)
  4 giant frogs
  A big kobold (D:7)
  A gnoll sergeant (D:7)
  Dowan (D:4)
  11 scorpions
  3 killer bees (D:7)
  10 wights
  An electric eel (D:8)
  2 jellies
  4 crimson imps
  2 howler monkeys
  3 centaur zombies
  A quasit (D:8)
  A giant frog zombie (D:5)
  A human zombie (Ossuary)
  A centaur skeleton (D:7)
  5 hounds
  5 orc priests
  3 orc wizards
  An iguana (D:7)
  6 worker ants
  Natasha (D:2)
  A big kobold zombie (Ossuary)
  3 mummies (Ossuary)
  A worker ant zombie (D:5)
  5 gnolls (D:7)
  9 adders
  A howler monkey skeleton (D:4)
  4 river rats (D:8)
  10 scorpion zombies (Ossuary)
  2 shadow imps
  4 oozes
  2 adder skeletons
  6 worms
  3 dart slugs
  4 giant geckos
  19 orcs
  3 giant cockroaches
  11 goblins
  5 hobgoblins
  8 jackals
  6 kobolds
  4 quokkas
  A ball python (D:2)
  6 bats
  2 giant gecko skeletons (D:4)
  9 giant newts
  2 gnoll zombies (Ossuary)
  A goblin zombie (Ossuary)
  A hobgoblin zombie (Ossuary)
  A jackal skeleton (D:5)
  2 orc zombies (Ossuary)
  A quokka skeleton (D:4)
  A quokka zombie (D:8)
  13 rats
235 creatures vanquished.

Vanquished Creatures (collateral kills)
  The ghost of 4thArraOfDagon the Cleaver, a novice HOBe of Trog (Ossuary)
  A phantom (D:7)
  2 wights (D:6)
  A centaur zombie (Ossuary)
5 creatures vanquished.

Vanquished Creatures (others)
  3 scorpions (Ossuary)
  A centaur zombie (Ossuary)
  A fungus (D:8)
5 creatures vanquished.

Grand Total: 245 creatures vanquished

Notes
Turn   | Place    | Note
--------------------------------------------------------------
     0 | D:1      | dohliylev the Vampire Enchanter began the quest for the Orb.
     0 | D:1      | Reached XP level 1. HP: 13/13 MP: 3/3
   144 | D:1      | Reached skill level 5 in Stealth
   195 | D:1      | Reached XP level 2. HP: 11/19 MP: 5/5
   199 | D:1      | Learned a level 2 spell: Ensorcelled Hibernation
   668 | D:1      | Found a sparkling altar of Nemelex Xobeh.
   673 | D:1      | Became a worshipper of Nemelex Xobeh the Trickster
   844 | D:2      | Received a gift from Nemelex Xobeh
   925 | D:2      | Reached XP level 3. HP: 24/24 MP: 3/6
   995 | D:2      | Reached skill level 6 in Stealth
  1213 | D:2      | Reached XP level 4. HP: 24/31 MP: 0/7
  1525 | D:2      | Reached * piety under Nemelex Xobeh
  1557 | D:2      | Noticed Natasha
  1564 | D:2      | Killed Natasha
  1564 | D:2      | Reached skill level 5 in Hexes
  1612 | D:3      | Reached skill level 1 in Evocations
  1731 | D:3      | Found a blossoming altar of Fedhas.
  1855 | D:3      | Found a snail-covered altar of Cheibriados.
  1863 | D:3      | Found a sparkling altar of Nemelex Xobeh.
  1973 | D:3      | Reached skill level 1 in Ice Magic
  1973 | D:3      | Reached XP level 5. HP: 26/36 MP: 1/8
  2068 | D:4      | Noticed barb4r1an's ghost (amateur HOFi)
  2070 | D:4      | Noticed Edmund
  2199 | D:4      | Found a staircase to the Ecumenical Temple.
  2329 | D:4      | Noticed Blork the orc
  2365 | D:5      | Entered Level 5 of the Dungeon
  2610 | D:5      | Noticed a centaur
  2613 | D:5      | Killed a centaur
  2613 | D:5      | Reached skill level 7 in Stealth
  2613 | D:5      | Reached XP level 6. HP: 37/42 MP: 6/9
  2620 | D:5      | Received a gift from Nemelex Xobeh
  2828 | D:5      | Killed Blork the orc
  2828 | D:5      | Reached skill level 1 in Fighting
  2948 | D:4      | Noticed Menkaure
  3258 | D:4      | Noticed Dowan
  3259 | D:4      | Noticed Duvessa
  3325 | D:4      | Found a white marble altar of Elyvilon.
  3632 | D:4      | Noticed Eustachio
  3741 | D:5      | Reached XP level 7. HP: 8/48 MP: 5/11
  4073 | D:5      | Reached ** piety under Nemelex Xobeh
  4077 | D:5      | Found an oddly glowing altar of Pakellas.
  4127 | D:5      | Reached skill level 8 in Stealth
  4182 | D:5      | Found an ancient bone altar of Kikubaaqudgha.
  4182 | D:5      | Found a blossoming altar of Fedhas.
  4200 | D:5      | Found Emesopp's Antique Armour Emporium.
  4444 | D:5      | HP: 2/49 [wolf (7)]
  4643 | D:5      | Found a sacrificial altar of Ru.
  4951 | D:5      | Got a warped amethyst amulet
  5000 | D:5      | Reached XP level 8. HP: 56/56 MP: 6/12
  5254 | D:4      | Killed barb4r1an's ghost
  5326 | D:4      | Received a gift from Nemelex Xobeh
  5327 | D:4      | Killed Dowan
  5327 | D:4      | Reached skill level 9 in Stealth
  5365 | D:3      | Killed Duvessa
  5439 | D:4      | Killed Edmund
  5466 | D:4      | Identified the amulet of Symmetry {RegenMP rElec} (You found it on level 5 of the Dungeon)
  5621 | D:4      | Learned a level 3 spell: Dazzling Spray
  5794 | D:4      | Killed Eustachio
  5995 | D:6      | Received a gift from Nemelex Xobeh
  6593 | D:6      | Reached skill level 10 in Stealth
  6947 | D:6      | Reached XP level 9. HP: 62/62 MP: 15/15
  7008 | D:6      | Reached *** piety under Nemelex Xobeh
  7060 | D:7      | Reached skill level 5 in Dodging
  7568 | D:7      | Noticed an angel
  7569 | D:7      | Found a glowing silver altar of Zin.
  7569 | D:7      | Found a shimmering altar of Xom.
  7821 | D:7      | Found a shadowy altar of Dithmenos.
  8452 | D:7      | Found a burning altar of Makhleb.
  8456 | D:7      | Reached skill level 5 in Spellcasting
  8456 | D:7      | Reached skill level 5 in Evocations
  9044 | D:8      | Received a gift from Nemelex Xobeh
  9063 | D:8      | Found a sand-covered staircase.
  9077 | Ossuary  | Entered an ossuary
  9476 | Ossuary  | Noticed 4thArraOfDagon's ghost (novice HOBe)
  9513 | Ossuary  | Killed 4thArraOfDagon's ghost
  9513 | Ossuary  | Reached skill level 1 in Conjurations
 10106 | Ossuary  | Reached XP level 10. HP: 68/70 MP: 4/18
 10213 | Ossuary  | Reached skill level 11 in Stealth
 11026 | D:8      | Found a staircase to the Lair.
 11362 | D:8      | Noticed Psyche
 11372 | D:8      | Killed Psyche
 11700 | D:8      | Received a gift from Nemelex Xobeh
 11862 | D:8      | Reached **** piety under Nemelex Xobeh
 12033 | Lair:1   | Entered Level 1 of the Lair of Beasts
 12093 | Lair:1   | Slain by a komodo dragon

Vault maps used:
D:1:      dpeg_arrival_water_fire, nemelex_deck
D:2:      first_bread, uniq_natasha
D:3:      cheibriados_altar_1, overflow_temple_1_default, fedhas_altar_2
D:4:      kennysheep_the_goblin_king, elyvilon_altar_5,
          minmay_temple_entry_mist, uniq_eustachio, uniq_duvessa,
          uniq_blork_the_orc, uniq_edmund, uniq_menkaure
D:5:      grunt_temple_overflow_growth_and_decay, grunt_pakellas_sulfur,
          lemuel_round_altar, serial_shops, shop, st_stairs_11, dk_vineyard_2,
          kennysheep_generic_room_11
D:7:      grunt_temple_overflow_order_and_chaos_1, makhleb_grotto_becter,
          nicolae_dithmenos_the_darkroom
D:8:      due_lair_maze_entry_diamond, lightli_ossuary_entry_decrepit_ruins,
          uniq_psyche
Lair:1:   beast_lair_carwin_2, grunt_megastairs_5, lemuel_fruit_tree
Ossuary:  ossuary_minmay_scorpions

Skill      XL: |  1  2  3  4  5  6  7  8  9 10 |
---------------+-------------------------------+-----
Stealth        | 5 6 7 8 10 11 | 11.5
Hexes          | 5 6 7 8 |  8.8
Evocations     | 1 3 4 5 |  5.8
Ice Magic      | 1 2 3 4 |  4.4
Dodging        | 3 4 5 6 |  6.2
Fighting       | 1 2 3 |  3.3
Spellcasting   | 3 4 5 |  5.8
Short Blades   | 2 3 |  3.0
Conjurations   | 1 |  1.8

Action                   |  1- 3 |  4- 6 |  7- 9 | 10-12 || total
-------------------------+-------+-------+-------+-------++-------
Melee: Dagger            |    72 |   116 |   383 |   141 ||   712
 Cast: Ensorcelled Hiber |     7 |    53 |   115 |    32 ||   207
       Dazzling Spray    |       |       |    82 |    45 ||   127
 Abil: End Transformatio |       |     3 |       |       ||     3
       Bat Form          |       |     3 |       |       ||     3
Evoke: Deck              |     1 |       |    29 |     1 ||    31
  Use: Scroll            |       |     3 |     6 |     4 ||    13
       Potion            |       |     5 |     7 |     4 ||    16
 Stab: Sleeping          |    17 |    40 |    73 |    23 ||   153
       Distracted        |       |       |     2 |       ||     2
       Invisible         |       |       |     3 |     2 ||     5
  Eat: Corpse            |       |       |       |     1 ||     1
